 Dungeon Crawl Stone Soup version 0.30.1-11-g7821555f0a (webtiles) character file.

Game seed: 13556382690290774583

15 jagang the Slasher (level 2, 0/24 HPs)
             Began as a Human Monk on Dec 27, 2023.
             Slain by a goblin
             ... wielding a +0 dagger of flaming
              (1 damage)
             ... on level 1 of the Dungeon.
             The game lasted 00:01:31 (722 turns).

jagang the Slasher (Human Monk)                      Turns: 722, Time: 00:01:34

Health: 0/24       AC:  2    Str: 11    XL:     2   Next: 65%
Magic:  2/2        EV: 13    Int: 10    God:
Gold:   7          SH:  0    Dex: 15    Spells: 1/1 levels left

rFire   . . .        a - +0 falchion
rCold   . . .        d - orb {light}
rNeg    . . .        b - +0 robe
rPois   .            (no helmet)
rElec   .            (no cloak)
rCorr   .            (no gloves)
SInv    .            (no boots)
Will    .....        (no amulet)
Stlth   +            (no ring)
HPRegen 0.24/turn    (no ring)
MPRegen 0.08/turn

%: no passive effects
@: glowing
A: no striking features
a: no special abilities


You were on level 1 of the Dungeon.
You visited 1 branch of the dungeon, and saw 1 of its levels.

You collected 7 gold pieces.

Inventory:

Hand Weapons
 a - a +0 falchion (weapon)
Armour
 b - a +0 robe (worn)
 d - an orb of light (worn)
Jewellery
 g - an amulet of guardian spirit
 h - a ring of ice
Scrolls
 f - a scroll of identify {unknown}
 i - a scroll of teleportation {unknown}
Potions
 c - a potion of ambrosia
 e - a potion of curing {unknown}


   Skills:
 + Level 3.2 Fighting
 + Level 3.2 Long Blades
 + Level 1.0 Armour
 - Level 3.0 Dodging


You had one spell level left.
You didn't know any spells.
Your spell library was empty.

Dungeon Overview and Level Annotations

Branches:
Dungeon (1/15)

Altars:


Message History

The goblin shouts!
A ball python comes into view.
The goblin closely misses you.
The ball python hisses angrily.
You hit the goblin but do no damage. The goblin barely misses you.
You hit the goblin.
The goblin is heavily wounded.
The goblin hits you with a +0 dagger.
The goblin hits you with a +0 dagger of flaming.
The goblin burns you.
The goblin hits you with a +0 dagger of flaming.
The goblin burns you. The goblin closely misses you.
You completely miss the ball python. The ball python bites you.
The ball python barely misses you.
You hit the ball python.
The ball python is moderately wounded.
The ball python bites you. The ball python grabs you.
The ball python constricts you.
* * * LOW HITPOINT WARNING * * *
You slash the ball python!
You kill the ball python!
You closely miss the goblin.
The goblin is heavily wounded.
The goblin misses you.
You closely miss the goblin.
The goblin is heavily wounded.
The goblin barely misses you.
You hit the goblin.
The goblin is heavily wounded.
The goblin hits you with a +0 dagger of flaming.
* * * LOW HITPOINT WARNING * * *
The goblin burns you.
* * * LOW HITPOINT WARNING * * *
You hit the goblin.
The goblin is severely wounded.
The goblin closely misses you.
The goblin hits you with a +0 dagger of flaming.
* * * LOW HITPOINT WARNING * * *
The goblin burns you.
You die...

#### ...# ##.# #.# #+# #.#
#.# #.# .## #.#### ##.#
....### ##.##.## ...#
##....#####....#.## ####
#....gg@......###.######
#.....##.##..## ##......
......# #.###..###.######
##..## #.# #.#.#.## ... #.#
#.##.## ## #.# #.####
###### ..###.### .....#
####....#
####.###############..#.###


You could see 2 goblins.

Vanquished Creatures
  A dart slug (D:1)
  2 endoplasms (D:1)
  A hobgoblin (D:1)
  A kobold (D:1)
  2 ball pythons (D:1)
  A bat (D:1)
  A frilled lizard (D:1)
  6 rats (D:1)
15 creatures vanquished.

Notes
Turn   | Place    | Note
-------+----------+-------------------------------------------
     0 | D:1      | jagang the Human Monk began the quest for the Orb.
     0 | D:1      | Reached XP level 1. HP: 18/18 MP: 1/1
   233 | D:1      | Reached XP level 2. HP: 24/24 MP: 2/2
   491 | D:1      | Reached skill level 1 in Armour
   722 | D:1      | HP: 1/24 [goblin/+0 dagger of flaming (2)]
   722 | D:1      | Slain by a goblin

Illustrated notes

Levels and vault maps discovered:
D:1:      ncdulo_wetmaze, layout_loops_corners

Skill      XL: |  1  2 |
---------------+-------+-----
Armour         | 1 |  1.0
Fighting       | |  3.2
Long Blades    | |  3.2
Dodging        | |  3.0

Action                     || total
---------------------------++-------
  Melee: Falchion          ||    34
 Armour: Robe              ||     3
  Dodge: Dodged            ||    17
